| TOP OF THE 1ST |
|
Bristol Pirates batting - Pitching for Chicago (APP) Cubs : RHP Masato Iwase
|
|
Pitching: RHP Masato Iwase
|
|
|
Batting: RHB Melvin Durland
|
0-0: Ball 1-0: Ball 2-0: Ball 3-0: Base on Balls
|
|
Batting: SHB Ronnie Brooks
|
0-0: Foul Ball, location: 2F 0-1: Ball 1-1: Ball 2-1: Ball 3-1: Foul Ball, location: 2F 3-2: Base on Balls Melvin Durland to second
|
|
Batting: LHB Josh Aerni
|
0-0: Foul Ball, location: 2F 0-1: Ball 1-1: Foul Ball, location: 2F 1-2: SINGLE (Line Drive, 7LS, EV 101.9 MPH) Melvin Durland to third Ronnie Brooks to second
|
|
Batting: RHB Ricky Alvarado
|
0-0: Ball 1-0: Fielders Choice at 2nd, 6-4 (Groundball, 6, EV 81.9 MPH) Melvin Durland scores Ronnie Brooks to third
|
|
Batting: RHB Steve Terres
|
0-0: Ball 1-0: Ball 2-0: Ball 3-0: Base on Balls Ricky Alvarado to second
|
|
Batting: RHB Alex Arzate
|
0-0: Ball 1-0: Called Strike 1-1: Fly out, F9 (Line Drive, 89M, EV 97.5 MPH) Runner from 3rd tags up, OUT at HOME! 9-2
|
| Top of the 1st over - 1 run, 1 hit, 0 errors, 2 left on base; Bristol 1 - Chicago (APP) 0 |
| BOTTOM OF THE 1ST |
|
Chicago (APP) Cubs batting - Pitching for Bristol Pirates : RHP Luis Flores
|
|
Pitching: RHP Luis Flores
|
|
|
Batting: SHB Jim Lloyd
|
0-0: Foul Ball, location: 2F 0-1: Ball 1-1: Ground out 3-1 (Groundball, 34, EV 83.1 MPH)
|
|
Batting: RHB Lencho Otieno
|
0-0: Ball 1-0: Ground out U3 (Groundball, 34, EV 85.0 MPH)
|
|
Batting: RHB Mike Stein
|
0-0: Called Strike 0-1: SINGLE (Line Drive, 89S, EV 102.5 MPH)
|
|
Batting: RHB Bartolo Aguilar
|
0-0: Called Strike 0-1: Fielders Choice at 2nd, U6 (Groundball, 6M, EV 103.8 MPH)
|
| Bottom of the 1st over - 0 runs, 1 hit, 0 errors, 1 left on base; Bristol 1 - Chicago (APP) 0 |
| TOP OF THE 2ND |
|
Bristol Pirates batting - Pitching for Chicago (APP) Cubs : RHP Masato Iwase
|
|
Batting: RHB Ryan LeSueur
|
0-0: Fly out, F7 (Flyball, 78D, EV 75.0 MPH)
|
|
Batting: RHB Hidesuke Yoshida
|
0-0: Ball 1-0: Foul Ball, location: 2F 1-1: Ball 2-1: Ball 3-1: Base on Balls
|
|
Batting: SHB Juan Ayala
|
0-0: Swinging Strike 0-1: Ball 1-1: Foul Ball, location: 2F 1-2: Ball 2-2: Foul Ball, location: 2F 2-2: Ball 3-2: Foul Ball, location: 2F 3-2: 2-RUN HOME RUN (Flyball, 8RXD, EV 110.6 MPH), Distance : 467 ft
|
|
Batting: RHB Melvin Durland
|
0-0: Called Strike 0-1: Ball 1-1: Ball 2-1: Foul Ball, location: 2F 2-2: TRIPLE (Line Drive, 8RXD, EV 111.2 MPH)
|
|
Batting: SHB Ronnie Brooks
|
0-0: Ball 1-0: Ball 2-0: Ball Passed Ball! Melvin Durland scores 3-0: Base on Balls
|
|
Batting: LHB Josh Aerni
|
0-0: Ball 1-0: Ball 2-0: Swinging Strike 2-1: Ball 3-1: Base on Balls Ronnie Brooks to second
|
|
Batting: RHB Ricky Alvarado
|
0-0: Swinging Strike 0-1: Ball 1-1: Ball 2-1: Foul Ball, location: 2F 2-2: Strikes out swinging
|
|
Batting: RHB Steve Terres
|
0-0: 3-RUN HOME RUN (Flyball, 9LD, EV 94.4 MPH), Distance : 359 ft
|
|
Batting: RHB Alex Arzate
|
0-0: Ball 1-0: Foul Ball, location: 2F 1-1: Ball 2-1: Ball 3-1: Base on Balls
|
|
Pitching: RHP Jorge Gonzalez
|
|
|
Batting: RHB Ryan LeSueur
|
0-0: Ball 1-0: Hit by Pitch Alex Arzate to second
|
|
Batting: RHB Hidesuke Yoshida
|
0-0: Swinging Strike 0-1: Ground out 4-3 (Groundball, 4, EV 85.0 MPH)
|
| Top of the 2nd over - 6 runs, 3 hits, 0 errors, 2 left on base; Bristol 7 - Chicago (APP) 0 |
| BOTTOM OF THE 2ND |
|
Chicago (APP) Cubs batting - Pitching for Bristol Pirates : RHP Luis Flores
|
|
Batting: RHB Andy Baumhardt
|
0-0: SINGLE (Line Drive, 56D, EV 96.2 MPH)
|
|
Batting: RHB T.J. Garrison
|
0-0: Ball 1-0: Ball 2-0: Ball 3-0: Called Strike 3-1: Base on Balls Andy Baumhardt to second
|
|
Batting: LHB Jose Mafano
|
0-0: Called Strike 0-1: Fielders Choice at 2nd, 6-4 (Groundball, 56, EV 86.9 MPH) Andy Baumhardt to third
|
|
Batting: RHB Juan Lira
|
0-0: Fly out, F8 (Line Drive, 8RD, EV 93.8 MPH) Runner from 3rd tags up, OUT at HOME! 8-2
|
| Bottom of the 2nd over - 0 runs, 1 hit, 0 errors, 1 left on base; Bristol 7 - Chicago (APP) 0 |
| TOP OF THE 3RD |
|
Bristol Pirates batting - Pitching for Chicago (APP) Cubs : RHP Jorge Gonzalez
|
|
Batting: SHB Juan Ayala
|
0-0: Ball 1-0: Called Strike 1-1: Fly out, F9 (Flyball, 9LM, EV 88.1 MPH)
|
|
Batting: RHB Melvin Durland
|
0-0: Foul Ball, location: 2F 0-1: Ground out 2-3 (Groundball, 15S, EV 65.0 MPH)
|
|
Batting: SHB Ronnie Brooks
|
0-0: Ball 1-0: Ball 2-0: Ball 3-0: Called Strike 3-1: Base on Balls
|
|
Batting: LHB Josh Aerni
|
0-0: Foul Ball, location: 2F 0-1: Ball Wild Pitch! Ronnie Brooks to second 1-1: Foul Ball, location: 2F 1-2: Ball 2-2: Ball 3-2: Fly out, F4 (Flyball, 3D, EV 84.4 MPH)
|
| Top of the 3rd over - 0 runs, 0 hits, 0 errors, 1 left on base; Bristol 7 - Chicago (APP) 0 |
| BOTTOM OF THE 3RD |
|
Chicago (APP) Cubs batting - Pitching for Bristol Pirates : RHP Luis Flores
|
|
Batting: RHB Andy Villarreal
|
0-0: Foul Ball, location: 2F 0-1: Ball 1-1: Ground out U3 (Groundball, 34, EV 81.9 MPH)
|
|
Batting: SHB Jim Lloyd
|
0-0: Called Strike 0-1: Ball 1-1: Ground out 6-3 (Groundball, 6M, EV 101.9 MPH)
|
|
Batting: RHB Lencho Otieno
|
0-0: Ball 1-0: SINGLE (Line Drive, 89M, EV 94.4 MPH)
|
|
Batting: RHB Mike Stein
|
0-0: Ball 1-0: Called Strike 1-1: Foul Ball, location: 2F 1-2: DOUBLE (Line Drive, 9LS, EV 106.9 MPH) Lencho Otieno to third Runner from 3rd tries for Home, SAFE, no throw by RF
|
|
Batting: RHB Bartolo Aguilar
|
0-0: Ball 1-0: Foul Ball, location: 2F 1-1: Swinging Strike 1-2: SINGLE (Groundball, 6MD, EV 102.5 MPH) Mike Stein to third Runner from 3rd tries for Home, SAFE, throw by CF to home Bartolo Aguilar to second
|
|
Batting: RHB Andy Baumhardt
|
0-0: Foul Ball, location: 2F 0-1: Swinging Strike 0-2: Ball Wild Pitch! Bartolo Aguilar to third 1-2: Strikes out swinging
|
| Bottom of the 3rd over - 2 runs, 3 hits, 0 errors, 1 left on base; Bristol 7 - Chicago (APP) 2 |
| TOP OF THE 4TH |
|
Bristol Pirates batting - Pitching for Chicago (APP) Cubs : RHP Jorge Gonzalez
|
|
Batting: RHB Ricky Alvarado
|
0-0: Ball 1-0: DOUBLE (Groundball, 5L, EV 108.8 MPH)
|
|
Batting: RHB Steve Terres
|
0-0: Called Strike 0-1: Swinging Strike 0-2: Ball 1-2: Ground out 5-3 (Groundball, 5S, EV 63.1 MPH) Ricky Alvarado to third
|
|
Batting: RHB Alex Arzate
|
0-0: Ball 1-0: Ball 2-0: Called Strike 2-1: Fly out, F7 (Flyball, 7, EV 91.2 MPH)
|
|
Batting: RHB Ryan LeSueur
|
0-0: Called Strike 0-1: Called Strike 0-2: Ball 1-2: Fly out, F9 (Flyball, 89M, EV 83.1 MPH)
|
| Top of the 4th over - 0 runs, 1 hit, 0 errors, 1 left on base; Bristol 7 - Chicago (APP) 2 |
| BOTTOM OF THE 4TH |
|
Chicago (APP) Cubs batting - Pitching for Bristol Pirates : RHP Luis Flores
|
|
Batting: RHB T.J. Garrison
|
0-0: Ball 1-0: Ball 2-0: Ball 3-0: Called Strike 3-1: SOLO HOME RUN (Flyball, 7D, EV 98.1 MPH), Distance : 378 ft
|
|
Batting: LHB Jose Mafano
|
0-0: Ball 1-0: Ball 2-0: Hit by Pitch
|
|
Batting: RHB Juan Lira
|
0-0: Fly out, F8 (Flyball, 8LD, EV 103.8 MPH)
|
|
Batting: RHB Andy Villarreal
|
0-0: Ball Wild Pitch! Jose Mafano to second 1-0: Ball 2-0: Called Strike 2-1: Ball 3-1: Foul Ball, location: 2F 3-2: Base on Balls
|
|
Batting: SHB Jim Lloyd
|
0-0: Ball 1-0: Ball 2-0: Called Strike 2-1: Ball 3-1: Foul Ball, location: 2F 3-2: Fielders Choice at 2nd, 4-6 (Groundball, 4, EV 101.2 MPH) Jose Mafano to third
|
|
Batting: RHB Lencho Otieno
|
0-0: 3-RUN HOME RUN (Flyball, 7D, EV 100.0 MPH), Distance : 388 ft
|
|
Pitching: RHP Nick Lockwood
|
|
|
Batting: RHB Mike Stein
|
0-0: Foul Ball, location: 2F 0-1: Ball 1-1: Ball 2-1: Foul Ball, location: 2F 2-2: Ball 3-2: Base on Balls
|
|
Batting: RHB Bartolo Aguilar
|
0-0: Called Strike 0-1: Swinging Strike 0-2: Ball 1-2: Ball 2-2: Foul Ball, location: 2F 2-2: Ball 3-2: Base on Balls Mike Stein to second
|
|
Batting: RHB Andy Baumhardt
|
0-0: Called Strike 0-1: Ground out 1-3 (Groundball, P, EV 66.2 MPH)
|
| Bottom of the 4th over - 4 runs, 2 hits, 0 errors, 2 left on base; Bristol 7 - Chicago (APP) 6 |
| TOP OF THE 5TH |
|
Bristol Pirates batting - Pitching for Chicago (APP) Cubs : RHP Jorge Gonzalez
|
|
Batting: RHB Hidesuke Yoshida
|
0-0: Swinging Strike 0-1: Ball 1-1: Swinging Strike 1-2: Fly out, F8 (Flyball, 78D, EV 109.4 MPH)
|
|
Batting: SHB Juan Ayala
|
0-0: Ball 1-0: Fly out, F5 (Line Drive, 5L, EV 64.4 MPH)
|
|
Batting: RHB Melvin Durland
|
0-0: Ball 1-0: Ball 2-0: Ball 3-0: Base on Balls
|
|
Batting: SHB Ronnie Brooks
|
0-0: Called Strike Melvin Durland steals 2nd, throwing error, E2 Melvin Durland to third 0-1: Ball 1-1: SINGLE (Line Drive, 89S, EV 107.5 MPH) Melvin Durland scores
|
|
Batting: LHB Josh Aerni
|
0-0: Called Strike 0-1: Ball 1-1: Called Strike 1-2: Ball 2-2: Ball Wild Pitch! Ronnie Brooks to second 3-2: 2-RUN HOME RUN (Flyball, 9D, EV 99.4 MPH), Distance : 393 ft
|
|
Batting: RHB Ricky Alvarado
|
0-0: Called Strike 0-1: Ball 1-1: Fly out, F9 (Line Drive, 89M, EV 96.9 MPH)
|
| Top of the 5th over - 3 runs, 2 hits, 1 error, 0 left on base; Bristol 10 - Chicago (APP) 6 |
| BOTTOM OF THE 5TH |
|
Chicago (APP) Cubs batting - Pitching for Bristol Pirates : RHP Nick Lockwood
|
|
Batting: RHB T.J. Garrison
|
0-0: DOUBLE (Line Drive, 78XD, EV 100.6 MPH)
|
|
Batting: LHB Jose Mafano
|
0-0: Called Strike 0-1: Ground out 6-3 (Groundball, 6, EV 100.0 MPH)
|
|
Batting: RHB Juan Lira
|
0-0: Called Strike 0-1: Ground out 5-3 (Groundball, 56, EV 85.6 MPH)
|
|
Batting: RHB Andy Villarreal
|
0-0: Foul Ball, location: 2F 0-1: Swinging Strike 0-2: Ball 1-2: Strikes out swinging
|
| Bottom of the 5th over - 0 runs, 1 hit, 0 errors, 1 left on base; Bristol 10 - Chicago (APP) 6 |
| TOP OF THE 6TH |
|
Bristol Pirates batting - Pitching for Chicago (APP) Cubs : RHP Jorge Gonzalez
|
|
Batting: RHB Steve Terres
|
0-0: Ball 1-0: Ball 2-0: Foul Ball, location: 2F 2-1: Foul Ball, location: 2F 2-2: DOUBLE (Flyball, 8LXD, EV 98.1 MPH)
|
|
Batting: RHB Alex Arzate
|
0-0: Intentional Walk
|
|
Pitching: RHP Dustin Goldsborough
|
|
|
Batting: RHB Ryan LeSueur
|
0-0: SINGLE (Groundball, 6MD, EV 110.0 MPH) Steve Terres to third Alex Arzate to second Runner from 3rd tries for Home, SAFE, throw by CF to home
|
|
Batting: RHB Hidesuke Yoshida
|
0-0: Ball 1-0: Fly out, F4 (Popup, 4, EV 79.4 MPH)
|
|
Batting: SHB Juan Ayala
|
0-0: Ball 1-0: Foul Ball, location: 2F 1-1: Called Strike 1-2: Foul Ball, location: 2F 1-2: Ball 2-2: Ball 3-2: Foul Ball, location: 2F 3-2: Strikes out swinging
|
|
Batting: RHB Melvin Durland
|
0-0: Ball 1-0: Ball Alex Arzate steals 3rd base Ryan LeSueur to second 2-0: Foul Ball, location: 2F 2-1: Called Strike 2-2: Hit by Pitch
|
|
Batting: SHB Ronnie Brooks
|
0-0: Ball Wild Pitch! Alex Arzate scores Ryan LeSueur to third Melvin Durland to second 1-0: 3-RUN HOME RUN (Flyball, 7D, EV 96.9 MPH), Distance : 394 ft
|
|
Batting: LHB Josh Aerni
|
0-0: Foul Ball, location: 2F 0-1: Ball 1-1: Ground out 6-3 (Groundball, 6M, EV 103.8 MPH)
|
| Top of the 6th over - 5 runs, 3 hits, 0 errors, 0 left on base; Bristol 15 - Chicago (APP) 6 |
| BOTTOM OF THE 6TH |
|
Chicago (APP) Cubs batting - Pitching for Bristol Pirates : RHP Nick Lockwood
|
|
Batting: SHB Jim Lloyd
|
0-0: Foul Ball, location: 2F 0-1: Ball 1-1: Ground out U3 (Groundball, 3, EV 95.6 MPH)
|
|
Batting: RHB Lencho Otieno
|
0-0: Fly out, F8 (Flyball, 8LD, EV 101.9 MPH)
|
|
Batting: RHB Mike Stein
|
0-0: Ball 1-0: Foul Ball, location: 2F 1-1: Ball 2-1: Ball 3-1: Base on Balls
|
|
Pitching: RHP Ian Ferrara
|
|
|
Batting: RHB Bartolo Aguilar
|
0-0: Ball 1-0: Ball 2-0: Called Strike 2-1: Swinging Strike 2-2: Strikes out swinging
|
| Bottom of the 6th over - 0 runs, 0 hits, 0 errors, 1 left on base; Bristol 15 - Chicago (APP) 6 |
| TOP OF THE 7TH |
|
Bristol Pirates batting - Pitching for Chicago (APP) Cubs : RHP Dustin Goldsborough
|
|
Batting: RHB Ricky Alvarado
|
0-0: Ball 1-0: Ball 2-0: SINGLE (Line Drive, 9LS, EV 87.5 MPH)
|
|
Batting: RHB Steve Terres
|
0-0: Ball Wild Pitch! Ricky Alvarado to second 1-0: Ball 2-0: Ball 3-0: Called Strike 3-1: Base on Balls
|
|
Batting: RHB Alex Arzate
|
0-0: Called Strike 0-1: Ball 1-1: Ball 2-1: Ball 3-1: Base on Balls Ricky Alvarado to third Steve Terres to second
|
|
Batting: RHB Ryan LeSueur
|
0-0: Ball 1-0: Called Strike 1-1: Foul Ball, location: 2F 1-2: Fly out, F8 (Flyball, 8LD, EV 95.6 MPH) Runner from 3rd tags up, SCORES, throw by CF Steve Terres to third
|
|
Pitching: RHP Victor Ramirez
|
|
|
Batting: RHB Hidesuke Yoshida
|
0-0: Ball 1-0: Ball Passed Ball! Steve Terres scores Alex Arzate to second 2-0: Called Strike 2-1: DOUBLE (Line Drive, 7LS, EV 100.0 MPH) Alex Arzate scores
|
|
Batting: SHB Juan Ayala
|
0-0: Called Strike 0-1: Swinging Strike 0-2: Ball 1-2: Foul Ball, location: 2F 1-2: Ball 2-2: Foul Ball, location: 2F 2-2: Fly out, F7 (Flyball, 78M, EV 82.5 MPH)
|
|
Batting: RHB Melvin Durland
|
0-0: Ball 1-0: Ball 2-0: Swinging Strike 2-1: Ball 3-1: Called Strike 3-2: SINGLE (Groundball, 4D, EV 100.6 MPH) Hidesuke Yoshida to third
|
|
Batting: SHB Ronnie Brooks
|
0-0: Called Strike 0-1: Swinging Strike 0-2: Ball 1-2: Fly out, F7 (Flyball, 7D, EV 88.8 MPH)
|
| Top of the 7th over - 3 runs, 3 hits, 0 errors, 2 left on base; Bristol 18 - Chicago (APP) 6 |
| BOTTOM OF THE 7TH |
|
Chicago (APP) Cubs batting - Pitching for Bristol Pirates : RHP Ian Ferrara
|
|
Batting: RHB Andy Baumhardt
|
0-0: Swinging Strike 0-1: Ball 1-1: Swinging Strike 1-2: Strikes out swinging
|
|
Batting: RHB T.J. Garrison
|
0-0: Called Strike 0-1: Ball 1-1: Ground out 4-3 (Groundball, 34D, EV 85.6 MPH)
|
|
Batting: LHB Jose Mafano
|
0-0: Ball 1-0: Ball 2-0: Foul Ball, location: 2F 2-1: DOUBLE (Groundball, 5L, EV 108.8 MPH)
|
|
Batting: RHB Juan Lira
|
0-0: Ball 1-0: Fly out, F7 (Flyball, 7, EV 87.5 MPH)
|
| Bottom of the 7th over - 0 runs, 1 hit, 0 errors, 1 left on base; Bristol 18 - Chicago (APP) 6 |
| TOP OF THE 8TH |
|
Bristol Pirates batting - Pitching for Chicago (APP) Cubs : RHP Victor Ramirez
|
|
Pitching: RHP Bobby Almonte
|
|
|
Batting: LHB Josh Aerni
|
0-0: Foul Ball, location: 2F 0-1: Swinging Strike 0-2: Ground out 4-3 (Groundball, 4, EV 105.6 MPH)
|
|
Batting: RHB Ricky Alvarado
|
0-0: Ball 1-0: Ground out 6-3 (Groundball, 6, EV 88.1 MPH)
|
|
Batting: RHB Steve Terres
|
0-0: Called Strike 0-1: Swinging Strike 0-2: Foul Ball, location: 2F 0-2: Ball 1-2: Foul Ball, location: 2F 1-2: Ball 2-2: Fly out, F6 (Popup, 6S, EV 86.9 MPH)
|
| Top of the 8th over - 0 runs, 0 hits, 0 errors, 0 left on base; Bristol 18 - Chicago (APP) 6 |
| BOTTOM OF THE 8TH |
|
Chicago (APP) Cubs batting - Pitching for Bristol Pirates : RHP Ian Ferrara
|
|
Pitching: RHP Otok Barleyfoot
|
|
|
Batting: RHB Andy Villarreal
|
0-0: Reached on error, E4 (Groundball, 4MS, EV 66.2 MPH)
|
|
Batting: SHB Jim Lloyd
|
0-0: Ball 1-0: Foul Ball, location: 2F 1-1: Fly out, F8 (Line Drive, 8RM, EV 104.4 MPH)
|
|
Batting: RHB Lencho Otieno
|
0-0: Hit by Pitch Andy Villarreal to second
|
|
Batting: RHB Mike Stein
|
0-0: Ball 1-0: Ball 2-0: Foul Ball, location: 2F 2-1: Ball 3-1: Foul Ball, location: 2F 3-2: Strikes out looking
|
|
Batting: RHB Bartolo Aguilar
|
0-0: Called Strike 0-1: DOUBLE (Groundball, 5L, EV 110.6 MPH) Andy Villarreal scores Lencho Otieno to third Runner from 3rd tries for Home, throw by LF and OUT! 7-6-2
|
| Bottom of the 8th over - 1 run, 1 hit, 1 error, 1 left on base; Bristol 18 - Chicago (APP) 7 |
| TOP OF THE 9TH |
|
Bristol Pirates batting - Pitching for Chicago (APP) Cubs : RHP Bobby Almonte
|
|
Batting: RHB Alex Arzate
|
0-0: Called Strike 0-1: Ball 1-1: SOLO HOME RUN (Flyball, 7D, EV 98.1 MPH), Distance : 392 ft
|
|
Pinch Hitting: RHB Hector Barajas
|
0-0: Called Strike 0-1: Ball 1-1: Ball 2-1: SOLO HOME RUN (Flyball, 7D, EV 98.1 MPH), Distance : 379 ft
|
|
Batting: RHB Hidesuke Yoshida
|
0-0: Called Strike 0-1: Ball 1-1: Swinging Strike 1-2: Ball 2-2: Foul Ball, location: 2F 2-2: Ball 3-2: SINGLE (Line Drive, 5D, EV 98.8 MPH)
|
|
Batting: SHB Juan Ayala
|
0-0: Ball 1-0: Ball 2-0: Called Strike 2-1: Foul Ball, location: 2F 2-2: Strikes out swinging
|
|
Batting: RHB Melvin Durland
|
0-0: Ball 1-0: Called Strike 1-1: Ball 2-1: Ball 3-1: Base on Balls Hidesuke Yoshida to second
|
|
Batting: SHB Ronnie Brooks
|
0-0: DOUBLE (Line Drive, 9LS, EV 97.5 MPH) Hidesuke Yoshida scores Melvin Durland to third Runner from 3rd tries for Home, SAFE, throw by RF to trailing runner, SAFE at third!
|
|
Batting: LHB Josh Aerni
|
0-0: Swinging Strike 0-1: Ball 1-1: Ball 2-1: Called Strike 2-2: Ball 3-2: Foul Ball, location: 2F 3-2: Base on Balls
|
|
Batting: RHB Ricky Alvarado
|
0-0: Ball 1-0: Ball 2-0: Ball 3-0: Base on Balls Josh Aerni to second
|
|
Batting: RHB Steve Terres
|
0-0: Called Strike 0-1: Ball 1-1: Called Strike 1-2: GRAND SLAM HOME RUN (Flyball, 9D, EV 95.0 MPH), Distance : 384 ft
|
|
Batting: RHB Alex Arzate
|
0-0: SOLO HOME RUN (Flyball, 8RXD, EV 117.5 MPH), Distance : 488 ft
|
|
Batting: RHB Hector Barajas
|
0-0: Ball 1-0: Ball 2-0: Called Strike 2-1: Ball 3-1: Base on Balls
|
|
Batting: RHB Hidesuke Yoshida
|
0-0: Fly out, F8 (Line Drive, 78M, EV 91.9 MPH)
|
|
Batting: SHB Juan Ayala
|
0-0: Called Strike 0-1: Foul Ball, location: 2F 0-2: Ball 1-2: Ball 2-2: Ball Wild Pitch! Hector Barajas to second 3-2: Foul Ball, location: 2F 3-2: Strikes out swinging
|
| Top of the 9th over - 9 runs, 6 hits, 0 errors, 1 left on base; Bristol 27 - Chicago (APP) 7 |
| BOTTOM OF THE 9TH |
|
Chicago (APP) Cubs batting - Pitching for Bristol Pirates : RHP Otok Barleyfoot
|
|
Now in CF: Hidesuke Yoshida
|
|
|
Now in RF: Don Hauk
|
|
|
Batting: RHB Andy Baumhardt
|
0-0: Ball 1-0: Swinging Strike 1-1: Swinging Strike 1-2: Ball 2-2: Strikes out swinging
|
|
Batting: RHB T.J. Garrison
|
0-0: Ball 1-0: Called Strike 1-1: Ball 2-1: Foul Ball, location: 2F 2-2: Hit by Pitch
|
|
Pitching: RHP Onne Stubbe
|
|
|
Batting: LHB Jose Mafano
|
0-0: Fielders Choice at 2nd, 3-6 (Groundball, 34, EV 78.8 MPH)
|
|
Batting: RHB Juan Lira
|
0-0: Called Strike 0-1: Ground out 2-3 (Groundball, 2L, EV 70.0 MPH)
|
| Bottom of the 9th over - 0 runs, 0 hits, 0 errors, 1 left on base; Bristol 27 - Chicago (APP) 7 |
|